 Dungeon Crawl Stone Soup version 0.32-a0-699-g1ee5eff69a (webtiles) character file.

Game seed: 10439058796995076161

9 Malificent the Changeling (level 2, -1/23 HPs)
             Began as a Draconian Shapeshifter on Mar 13, 2024.
             Frozen to death by an endoplasm (5 damage)
             ... on level 1 of the Dungeon.
             The game lasted 00:00:58 (144 turns).

Malificent the Changeling (Draconian Shapeshifter)   Turns: 144, Time: 00:00:58

Health: -1/23      AC:  4    Str: 16    XL:     2   Next: 6%
Magic:  2/2        EV: 11    Int: 10    God:
Gold:   12         SH:  0    Dex: 10    Spells: 1/1 levels left

rFire   . . .        d - +0 dagger (venom)
rCold   . . .        (no shield)
rNeg    . . .        (body armour unavailable)
rPois   .            (helmet currently unavailable)
rElec   .            (cloak currently unavailable)
rCorr   .            (gloves currently unavailable)
SInv    .            (boots currently unavailable)
Will    .....        (no amulet)
Stlth   +            (no ring)
HPRegen 0.23/turn    (no ring)
MPRegen 0.08/turn

%: no passive effects
@: beast-form, slowed, very slow
A: beast (slay +1), AC +4, unfitting armour, cold-blooded
a: Begin Untransformation


You were on level 1 of the Dungeon.
You were a hulking beast.
You visited 1 branch of the dungeon, and saw 1 of its levels.

You collected 12 gold pieces.

Inventory:

Hand Weapons
 d - a +0 dagger of venom (weapon)
Talismans
 b - a beast talisman (active)
 c - a flux talisman
Potions
 a - a potion of lignification
 e - a potion of degeneration {unknown}


   Skills:
 + Level 1.1 Fighting
 + Level 1.7 Dodging
 + Level 3.2 Unarmed Combat
 * Level 3.3 Shapeshifting


You had one spell level left.
You didn't know any spells.
Your spell library was empty.

Dungeon Overview and Level Annotations

Branches:
Dungeon (1/15)

Altars:

Shops:
D:1 [


Innate Abilities, Weirdness & Mutations

You are a hulking beast.
Your limbs bulge with bestial killing power. (Slay +1)
Your plain brown scales are hard. (AC +4)
You cannot fit into any form of body armour.
You are cold-blooded and may be slowed by cold attacks.


Message History

You hit the endoplasm.
The endoplasm is lightly wounded.
The endoplasm completely misses you. The frilled lizard barely misses you.
The endoplasm closely misses you. The endoplasm hits you.
The frilled lizard attacks as it pursues you!
The frilled lizard bites you but does no damage.
The endoplasm hits you but does no damage.
The frilled lizard attacks as it pursues you!
The frilled lizard bites you. x2
The rat twitches its whiskers.
You hit the frilled lizard.
You kill the frilled lizard!
You feel yourself speed up.
You hit the rat but do no damage.
Your tail-slap misses the rat.
The rat closely misses you.
You hit the rat.
The rat is poisoned.
You tail-slap the rat.
You kill the rat!
The endoplasm hits you.
You barely miss the endoplasm.
The endoplasm is lightly wounded.
The endoplasm hits you.
You barely miss the endoplasm.
The endoplasm is lightly wounded.
The endoplasm freezes you.
You are frozen.
* * * LOW HITPOINT WARNING * * *
You feel yourself slow down.
You hit the endoplasm but do no damage.
The endoplasm is lightly wounded.
The endoplasm completely misses you. The endoplasm freezes you.
You are frozen.
* * * LOW HITPOINT WARNING * * *
You feel as though you will be slow longer.
You completely miss the endoplasm.
The endoplasm is lightly wounded.
The endoplasm freezes you.
You are frozen.
You die...

............................
........................(...
................###.........
.........................##.
..∩.......................#.
..........................#.
.........# #.....#......#.
....#...#####.....#.†.##...
.>.........h...........+....
.......###J##†.....#...##...
....... #...............#...
#..###. #...............#...
#. #. #....######.....#... .
......... ......+...
.......... ####..##...
#...#....##. ..##...
##+##...). ..


You could see an endoplasm.

Vanquished Creatures
  2 bats (D:1)
  An endoplasm (D:1)
  A hobgoblin (D:1)
  A kobold (D:1)
  A ball python (D:1)
  2 frilled lizards (D:1)
  2 rats (D:1)
10 creatures vanquished.

Notes
Turn   | Place    | Note
-------+----------+-------------------------------------------
     0 | D:1      | Malificent the Draconian Shapeshifter began the quest for
                  | the Orb.
     0 | D:1      | Reached XP level 1. HP: 16/16 MP: 1/1
   124 | D:1      | Reached XP level 2. HP: 23/23 MP: 2/2
   128 | D:1      | Found Lanlac's Antique Armour Shoppe.
   144 | D:1      | Frozen to death by an endoplasm

Illustrated notes

Levels and vault maps discovered:
D:1:      dpeg_arrival_pits, layout_basic, serial_shops, shop, minmay_tromino_i2

Action                     || total
---------------------------++-------
  Melee: Unarmed           ||    14
         Dagger            ||    17
         Tailslap          ||     2
 Armour: Skin              ||    16
  Dodge: Dodged            ||    27

Table legend: (Time is in decaauts)
 A = Elapsed time spent in this place.
 B = Non-inter-level travel time spent in this place.
 C = Inter-level travel time spent in this place.
 D = Time resting spent in this place.
 E = Time spent auto-exploring this place.
 F = Levels seen in this place.
 G = Mean time per level.
                   A        B        C        D        E       F      G
               +--------+--------+--------+--------+--------+-----+--------+
         Total |    147 |    147 |      0 |      0 |     47 |   1 |  147.0 |
       Dungeon |    147 |    147 |      0 |      0 |     47 |   1 |  147.0 |
               +--------+--------+--------+--------+--------+-----+--------+

Top non-repeatable levels by time:
     D:1: 147 daAuts
